Cogmind - Beta 13 *** ADVENTURER MODE // 2024.04.19 @ 20:50:10 Player: Knightshade Result: Destroyed by BN-Y9E(R) with Subdweller Laser Performance ------------- Evolutions (0) 0 Regions Visited (2) 400 Robots Destroyed (36) 180 Value Destroyed (767) 767 Prototype IDs (6) 120 Alien Tech Used (0) 0 Bonus (0) 0 TOTAL SCORE: 1467 Bonus ------- None Cogmind --------- Core Integrity 0/250 Matter 37/300 Energy 82/100 System Corruption 0% Temperature Cool (6) Movement Core (400) Ox7 Location -10/Subcaves Parts ------- > --- POWER (1) -------- (None) > --- PROPULSION (2) --- (None) > --- UTILITY (2) ------ Large Storage Unit > --- WEAPON (2) ------- Subdweller Laser > --- INVENTORY (15) --- Medium Storage Unit Medium Matter Pod (100) Medium Matter Pod (100) Medium Matter Pod (100) Structural Scanner Sensor Array Signal Interpreter Cobbler Unit Powered Cannon Assault Rifle Grenade Launcher Grenade Launcher Datajack Peak State ------------ > --- POWER ------------ Subdweller Power Source > --- PROPULSION ------- Compact Wheel Compact Wheel > --- UTILITY ---------- Large Storage Unit Hardened Light Armor Plating > --- WEAPON ----------- Subdweller Laser Slug Cannon > --- INVENTORY -------- Medium Storage Unit Medium Matter Pod Medium Matter Pod Medium Matter Pod Structural Scanner Sensor Array Signal Interpreter Cobbler Unit Powered Cannon Assault Rifle Grenade Launcher Grenade Launcher Datajack [Rating: 15] Favorites ----------- Power Light Ion Engine Engine Light Ion Engine Propulsion Wheel Wheel Wheel Utility Large Storage Unit Device Structural Scanner Storage Large Storage Unit Protection Hardened Light Armor Plating Weapon Assault Rifle Energy Gun Subdweller Laser Ballistic Gun Assault Rifle Ballistic Cannon Light Cannon Launcher Grenade Launcher Build | -11 -10 -10 ------- Run | Yrd Mat Sub Slots Evolved . | . . . Power . | . . . Propulsion . | . . . Utility . | . . . Weapon . | . . . Parts Attached 25 | 6 6 13 Power 2 | 1 . 1 Engine 2 | 1 . 1 Core . | . . . Reactor . | . . . Propulsion 5 | 2 1 2 Treads . | . . . Leg . | . . . Wheel 5 | 2 1 2 Hover . | . . . Flight . | . . . Utility 5 | 1 3 1 Device 1 | . 1 . Storage 3 | 1 2 . Processor . | . . . Hackware . | . . . Protection 1 | . . 1 Artifact . | . . . Weapon 13 | 2 2 9 Energy Gun 1 | . . 1 Energy Cannon . | . . . Ballistic Gun 6 | 2 1 3 Ballistic Cannon 2 | . . 2 Launcher 4 | . 1 3 Special Weapon . | . . . Impact Weapon . | . . . Slashing Weapon . | . . . Piercing Weapon . | . . . Special Melee Weapon . | . . . Unidentified Prototypes . | . . . Parts Lost 9 | . 1 8 Power 2 | . . 2 Propulsion 4 | . 1 3 Utility 1 | . . 1 Weapon 2 | . . 2 Highest Loss Streak 4 | . 1 4 To Critical Strikes . | . . . Average Slot Usage (%) 92 | . 90 94 Engine 12 | . 14 11 Wheel 24 | . 22 26 Device 6 | . 10 . Storage 14 | . 14 14 Protection 5 | . . 13 Energy Gun 1 | . . 3 Ballistic Gun 20 | . 27 10 Ballistic Cannon 4 | . . 9 Launcher 1 | . . 3 Naked Turns . | . . . Heaviest Build 41 | 11 28 41 Greatest Support 32 | 20 20 32 Greatest Overweight (x) 7 | . 2 7 Average Overweight (x) . | . . 1 Largest Inventory Capacity 15 | 8 15 15 Average Capacity 12 | 7 11 15 Most Carried 15 | 3 15 15 Average Carried 9 | . 5 14 Final Capacity 15 | 8 15 15 Final Carried 15 | . 15 15 Class Distribution -------------------- 94% | Mutant 5% | Scavenger-Mutant Dominant Class ---------------- Mutant | -10/Materials Mutant | -10/Subcaves Resources | -11 -10 -10 ----------- Run | Yrd Mat Sub Matter Collected 1155 | 240 537 378 Remotely . | . . . Salvage Created 879 | . 582 297 Parts 65 | . 41 24 Haulers Intercepted 2 | . 2 . Recyclers Shooed . | . . . Parts Field Recycled . | . . . Retrieved Matter . | . . . Parts Self-Destructed 9 | . . 9 Prevented . | . . . Kills | -11 -10 -10 ------- Run | Yrd Mat Sub Combat Hostiles Destroyed 27 | . 13 14 Guns 17 | . 11 6 Cannons 3 | . . 3 AOE 7 | . 2 5 Classes Destroyed 10 | . 8 2 Worker 1 | . 1 . Builder 1 | . 1 . Tunneler 1 | . 1 . Hauler 2 | . 2 . Recycler 1 | . 1 . Watcher 3 | . 3 . Swarmer 12 | . 9 3 Grunt 4 | . 4 . Cobbler 1 | . . 1 Subdweller 11 | . . 11 Best Kill Streak 4 | . 4 4 Combat Bots Only 4 | . 3 4 Max Kills in Single Turn 2 | . 2 2 Gunslinging 1 | . 1 . Exploded 2 | . 2 2 Melee . | . . . Uniques/NPCs Destroyed . | . . . Combat | -11 -10 -10 -------- Run | Yrd Mat Sub Hostile Shots Fired 138 | . 39 99 Missed 36 | . 7 29 Damage Taken 1416 | . 232 1184 Core 259 | . 42 217 Absorbed by Shields . | . . . Ignored by Resistances 410 | . 75 335 Core Remaining (%) 100 | 100 . . Volleys Fired 105 | . 36 69 Largest 2 | . 2 2 Hottest 108 | . 50 108 Shots Fired 198 | . 72 126 Gun 132 | . 69 63 Cannon 50 | . . 50 Launcher 16 | . 3 13 Special . | . . . Kinetic 161 | . 69 92 Thermal 21 | . . 21 Explosive 16 | . 3 13 Electromagnetic . | . . . Robot Hit Streak 30 | . 10 30 Robot Miss Streak 3 | . 3 2 Penetration Max . | . . . Secondary Targets 1 | . 1 . Max Gunslinging Chain 1 | . 1 . Shots Hit Robots 149 | . 46 103 Core Hits 56 | . 29 27 Critical Kills 1 | . . 1 Critical Parts Destroyed 1 | . 1 . Critical Strikes 6 | . 1 5 Destroy 6 | . 1 5 Melee Attacks . | . . . Impact . | . . . Slashing . | . . . Piercing . | . . . Sneak Attacks . | . . . Combat Hostiles . | . . . Follow-up Attacks . | . . . Damage Inflicted 3021 | . 677 2344 Guns 1312 | . 527 785 Cannons 856 | . . 856 Explosions 853 | . 150 703 Melee . | . . . Ramming . | . . . Kinetic 1855 | . 527 1328 Thermal 313 | . . 313 Explosive 853 | . 150 703 Electromagnetic . | . . . Impact . | . . . Slashing . | . . . Piercing . | . . . Highest Corruption . | . . . Average Corruption . | . . . Corruption Purged . | . . . Corruption Blocked . | . . . Overload Shots . | . . . Overflow Damage 37 | . 15 22 Projectiles . | . . . Explosions 37 | . 15 22 Melee . | . . . Knockbacks 10 | . . 10 Impact . | . . . Kinetic 10 | . . 10 Secondary . | . . . Self-Inflicted Damage 74 | . 24 50 Shots 3 | . 1 2 Rammed . | . . . Targets Rammed . | . . . Kicked . | . . . Crushed . | . . . Highest Temperature 17 | . 12 17 Average Temperature 6 | . 8 6 Received Heat Transfer 345 | . 42 303 Siege Activations . | . . . Robots Corrupted . | . . . Combat Hostiles . | . . . Parts Fried . | . . . Impact Corruptions . | . . . Robots Melted . | . . . Combat Hostiles . | . . . Parts Melted . | . . . Heat Transferred 375 | . . 375 Parts Sabotaged . | . . . Parts Stolen . | . . . Parts Stripped . | . . . Power Chain Reactions . | . . . Alert | -11 -10 -10 ------- Run | Yrd Mat Sub Peak Influence 310 | . 310 . Initial . | . . . Average 98 | . 101 . Maximum Alert Level 1 | . 1 . Low Security (%) 86 | 100 86 . Level 1 13 | . 13 . Level 2 . | . . . Level 3 . | . . . Level 4 . | . . . Level 5 . | . . . High Security . | . . . Max Security . | . . . Squads Dispatched 4 | . 4 . Investigation 4 | . 4 . Extermination . | . . . Reinforcement . | . . . Assault . | . . . Garrison . | . . . Intercept . | . . . Searches Triggered . | . . . Construction Impeded . | . . . Haulers Reinforced . | . . . Active Scanning Responses . | . . . Cargo Convoy Interrupts . | . . . Stealth | -11 -10 -10 --------- Run | Yrd Mat Sub Distress Signals 1 | . 1 . Communications Jammed . | . . . Distress Signals . | . . . Times Spotted 32 | . 16 16 Peak Tracking Total 3 | . 3 3 Tactical Retreats 1 | . 1 . Traps | -11 -10 -10 ------- Run | Yrd Mat Sub Traps Triggered 1 | . 1 . Indirectly . | . . . Trap Hack Attempts . | . . . Triggered . | . . . Disarmed . | . . . Reprogrammed . | . . . Reused . | . . . Traps Extracted . | . . . Installed . | . . . Triggered . | . . . Machines | -11 -10 -10 ---------- Run | Yrd Mat Sub Machines Disabled . | . . . Max in Single Turn . | . . . Machines Repaired . | . . . Machines Dismantled . | . . . Machines Sabotaged . | . . . Overloaded Fab Kills . | . . . Hacking | -11 -10 -10 --------- Run | Yrd Mat Sub Machines Accessed 10 | . 9 1 Terminals 7 | . 7 . Fabricators . | . . . Repair Stations . | . . . Recycling Units 2 | . 2 . Scanalyzers . | . . . Garrison Access . | . . . Total Hacks 34 | . 32 2 Successful 23 | . 21 2 Failed 11 | . 11 . Catastrophic 1 | . 1 . Database Lockouts . | . . . Manual 24 | . 24 . Terminals 27 | . 27 . Fabricators . | . . . Repair Stations . | . . . Recycling Units 5 | . 5 . Scanalyzers . | . . . Garrison Access . | . . . Terminal Hacks 13 | . 11 2 Record 2 | . . 2 Prototype ID Bank 4 | . 4 . Locate Traps 2 | . 2 . Hauler Manifests 1 | . 1 . Zone Layout 4 | . 4 . Fabricator Hacks . | . . . Repair Station Hacks . | . . . Recycling Unit Hacks 2 | . 2 . Retrieve Components 2 | . 2 . Scanalyzer . | . . . Garrison Access Hacks . | . . . Unauthorized Hacks 8 | . 8 . Terminals 6 | . 6 . Botnet 6 | . 6 . Fabricators . | . . . Repair Stations . | . . . Recycling Units 2 | . 2 . Tunnel 2 | . 2 . Scanalyzers . | . . . Garrison Access . | . . . Data Cores Recovered . | . . . Used . | . . . Hacking Detections 7 | . 7 . Full Trace Events 2 | . 2 . Feedback Events . | . . . Feedback Blocked . | . . . Robot Schematics Acquired . | . . . Robots Built . | . . . Authchips . | . . . Time . | . . . Total Robot Build Rating . | . . . Part Schematics Acquired . | . . . Parts Built . | . . . Authchips . | . . . Time . | . . . Total Part Build Rating . | . . . Parts Repaired . | . . . Time . | . . . Parts Recycled . | . . . Recycled Matter . | . . . Retrieved Matter . | . . . Retrieved Components 3 | . 3 . Parts Scanalyzed . | . . . Part Schematics Acquired . | . . . Parts Damaged . | . . . Bothacking | -11 -10 -10 ------------ Run | Yrd Mat Sub Used RIF Installer . | . . . Robots Hacked . | . . . Non-combat . | . . . Combat . | . . . Robot Hacks Applied . | . . . Relay Couplers Released . | . . . Fabnet Peak Effective % . | . . . Robots Rewired . | . . . Allies Hacked . | . . . Hacks Repelled . | . . . Allies | -11 -10 -10 -------- Run | Yrd Mat Sub Total Allies . | . . . Largest Group . | . . . Highest-Rated Group . | . . . Highest-Rated Ally . | . . . Total Orders . | . . . Ally Attacks . | . . . Total Damage . | . . . Kills . | . . . Allies Corrupted . | . . . Allies Melted . | . . . Intel | -11 -10 -10 ------- Run | Yrd Mat Sub Robot Analysis Total . | . . . Derelict Logs Recovered . | . . . Drone Launches . | . . . Drone Recoveries . | . . . Exploration | -11 -10 -10 ------------- Run | Yrd Mat Sub Turns Passed 2028 | 47 1181 800 Spaces Moved 1554 | 49 966 539 Core 14 | 13 . 1 Treads . | . . . Legs . | . . . Wheels 1540 | 36 966 538 Hover . | . . . Flight . | . . . Fastest Speed 50 | 50 80 95 Average Speed 96 | 72 91 107 Slowest Speed 400 | 80 110 400 Overloaded Moves . | . . . Propulsion Burnouts . | . . . Robots Hopped . | . . . Cave-ins Triggered . | . . . Exploration Rate (%) 43 | 3 97 31 Regions Visited 2 Branch Regions 1 Pre-discovered Areas 2 | . 2 . Known Exits Taken . | . . . Unknown Exits Taken 2 | 1 1 . Scrap Searched . | . . . Spaces Dug . | . . . Terrain Destroyed 73 | . 22 51 Melee . | . . . Projectile 5 | . . 5 AOE 68 | . 22 46 Terrain Rammed . | . . . Walls Destroyed . | . . . Machines Disabled . | . . . Actions | -11 -10 -10 --------- Run | Yrd Mat Sub Total 1886 | 60 1196 630 Wait 168 | . 168 . Move 1552 | 48 965 539 Hop . | . . . Pick Up 30 | 6 19 5 Fast Attach . | . . . Attach 11 | 6 2 3 Detach . | . . . Swap 14 | . 4 10 Drop 6 | . 2 4 Fire 105 | . 36 69 Melee . | . . . Ram . | . . . Kick . | . . . Crush . | . . . Escape Stasis . | . . . Rewire . | . . . Trap . | . . . Miscellaneous . | . . . Route ------- -11/Scrapyard -10/Materials (discovered 5 exits: [*Mat x3] / [*Min] / *Sub) -10/Subcaves (discovered 3 exits: *Mat x2 / Rec) History --------- Turn | Location | Event 7 | -11/Scrapyard | Discovered new exit (range 16) 48 | -11/Scrapyard | Entered Materials 318 | -10/Materials | Build established: Mutant 375 | -10/Materials | Discovered new exit (range 10) 416 | -10/Materials | Discovered new exit (range 5) 606 | -10/Materials | Discovered new exit (range 16) 734 | -10/Materials | Discovered new exit (range 5) 805 | -10/Materials | Discovered new exit (range 16) 1229 | -10/Materials | Entered Subcaves 1369 | -10/Subcaves | Core integrity fell below 50% 1432 | -10/Subcaves | A Subdweller sparked back to life 1448 | -10/Subcaves | Core integrity fell below 20% 1482 | -10/Subcaves | Found Prototype Energy Cannon 1503 | -10/Subcaves | Discovered new exit (range 13) 1563 | -10/Subcaves | Visited Clippyterm 1566 | -10/Subcaves | Identified exit to Materials 1566 | -10/Subcaves | Identified exit to Recycling 1566 | -10/Subcaves | Learned 40 Factory zone layouts 2029 | -10/Subcaves | Destroyed by BN-Y9E(R) with Subdweller Laser Last Messages --------------- 01951_ Acquired 7 matter. 01952_ Acquired 3 matter. 01953_ Acquired 6 matter. 01954_ Acquired 1 matter. 01961_ Acquired 19 matter. 01962_ Acquired 1 matter. 01965_ Acquired 3 matter. 01969_ 0Q-0WI(R) suffers critical hit (Destroy). 01969_ 0Q-0WI(R) destroyed. 01978_ Acquired 28 matter. 01988_ Acquired 4 matter. 02006_ GA-VHE(R) angrily emerges from the Twisted Machinery. 02012_ Hrd. Light Armor Plating destroyed. 02013_ Com. Wheel destroyed. 02014_ BN-Y9E(R) knocked back. 02021_ Sub. Laser shoots sparks and powers down. 02024_ Com. Wheel destroyed. 02026_ BN-Y9E(R) suffers critical hit (Destroy). 02026_ Destroyed Scrap Shield. 02027_ Slug Cannon destroyed. Map ----- +----------------------------------------------------+ | | | | | | | | | | | | | | | ?????????????????????????????????????????????????? | | ?????????????????????????????????????????????????? | | ?????????????????????????????????????????????????? | | ?????????????????????????????????????????????????? | | ?????????????????????????????????????????????????? | | ?????????????????????????????????????????????????? | | ?????????????????????????????????????????????????? | | ?????????????????????????????????????????????????? | | ?????????????????????????????????????????????????? | | ?????????????????????????????????????????????????? | | ?????????????????????????????????????????????????? | | ????????????????????????????#????????????????????? | | ?????????????????????????#?&?????????????????????? | | ????????????????????????? ??????????????????????? | | ????????????????????????? ####???????????????????? | | ??????????????####?######" #???????????????????? | | ???????????#### ### # ## ###??????????????????? | | ??????????##"" R #< < ####???????????????? | | #??###???##!" # # @ #?????????????? | | #### ##?## & """"##### % % #?????????????? | | ### !"#""" #??## % ##?????????????? | | = = "###"" ??###;#R ##??????????????? | | " # ###?"""" ""??## ;#??????????????? | | ##### ###???""""" ""???? ? #??????????????? | | ## ##????????"" ""???? ## #??????????????? | | # ##???????????" "???? ?#?# #?????????????? | | ## ##?????????????""???? ??? ;#????????????? | | # #???????????????????? ???? ###????????????? | | # ##????????????????????# #????#??????????????? | | ??????????????????????###???????????????????? | | ???????????????????????????????????????????? | | ?##??????????????????????????????????????????? | | ##?????????????????????????????????????????????? | | #??????????????????????????????????????????????? | | #??????????????????????????????????????????????? | | #??????????????????????????????????????????????? | | #??????????????????????????????????????????????? | | ????????????????????????????????????????????????? | | ?????????????????????????????????????????????????? | | ?????????????????????????????????????????????????? | | ?????????????????????????????????????????????????? | | ?????????????????????????????????????????????????? | | ?????????????????????????????????????????????????? | +----------------------------------------------------+ Best States ------------- Heat Dissipation 25 Energy Generation 15 Energy Capacity 200 Matter Stores 300 Matter Capacity 300 Sight Range 16 Terrain Scan Density 10 Armor Coverage 150 Resistance: KI 20 Resistance: TH 20 Resistance: EX 20 Resistance: EM 20 Resistance: I 20 Resistance: S 20 Resistance: P 20 Evasion (%) 50 Offensive Hacking 10 Item Schematics ----------------- None Robot Schematics ------------------ None Fabricated ------------ Nothing Alien Tech Used ----------------- None Achievements -------------- None Challenges ------------ None Game ------ Seed DeepLongswordGun Manual? 0 Play Time 00:18:28 Cumulative 60.7 hours Start 2024.04.19 @ 20:27:27 End 2024.04.19 @ 20:50:10 Sessions 2 Manual Loads 0 Difficulty Adventurer Special Mode None Game No. 41 Rogue 0 Adventurer 41 Explorer 0 Win Type - Total 0 Types 0/0/0/0/0/0/0/0/0 Lore% 31 Gallery% 40 Achievement% 33 Wizard Run 0 Options --------- Layout 0 ASCII 0 Keyboard 0 Movement Mouse Keybinds 0 Fullscreen 1 Font 18/SmallcapsGlow Map View 76x50 Zoom Use 0% Tactical HUD 1 Map Filters NONE Filters NONE Steam 1 RUN: 4967a0ec-b311-48ab-a8e0-67f16fc5d74e